 Dungeon Crawl Stone Soup version 0.21.0-3-g78d12a8 (webtiles) character file.

5612 tilp the Destroyer (level 10, -3/78 HPs)
             Began as a Red Draconian Conjurer on Jan 9, 2018.
             Was a Believer of Vehumet.
             Slain by a sixfirhy (9 damage)
             ... on level 2 of the Abyss.
             The game lasted 00:39:09 (13005 turns).

tilp the Destroyer (Red Draconian Conjurer)        Turns: 13005, Time: 00:39:11

Health: -3/78      AC: 11    Str: 11    XL:     10   Next: 45%
Magic:  0/22       EV: 13    Int: 17    God:    Vehumet [**....]
Gold:   530        SH:  0    Dex: 11    Spells: 12/25 levels left

rFire    + + +     SeeInvis +   T - +4 short sword
rCold    + . .     Gourm    .   (no shield)
rNeg     + . .     Faith    .   (armour unavailable)
rPois    .         Spirit   +   (helmet restricted)
rElec    .         Reflect  .   M - scarf {rC+ rF+}
rCorr    .         Harm     .   t - +0 pair of gloves
MR       +....                  (no boots)
Stlth    ++........             L - amulet of guardian spirit
HPRegen  0.23/turn              U - ring "Taxeigyf" {rF+ rN+ MR+ AC+3 Int-2}
MPRegen  0.18/turn              G - ring of see invisible

@: about to teleport
A: breathe fire, unfitting armour, stinger 1, fire resistance 1, sense
surroundings 1, cold-blooded, MP-powered wands, AC +7
a: Breathe Fire, Renounce Religion


You were on level 2 of the Abyss.
You worshipped Vehumet.
Vehumet was pleased with you.
You were not hungry.

You visited 2 branches of the dungeon, and saw 10 of its levels.
You visited the Abyss 1 time.
You also visited: Sewer.

You collected 530 gold pieces.

Inventory:

Hand Weapons
 c - a +1 dagger
 j - a cursed +4 hand axe of freezing
 w - a cursed -3 blowgun
 A - a +0 dagger of speed
 H - a +1 short sword of venom
 J - a +0 rapier
 T - a +4 short sword (weapon)
 X - the +2 hand axe of the Vestibule of Hell {distort, MR++ SInv Stlth+}
   (You found it on level 9 of the Dungeon)

   It warps and distorts space around it.
   Unwielding it can cause banishment or high damage.
   It affects your resistance to hostile enchantments.
   It lets you see invisible.
   It makes you more stealthy.
Missiles
 d - 197 stones
 g - 28 bolts
 h - 129 sling bullets
 o - 73 arrows
 v - 11 poisoned needles
 y - 8 tomahawks (quivered)
Armour
 t - a +0 pair of gloves (worn)
 M - a scarf of resistance (worn)
Jewellery
 G - a ring of see invisible (right hand)
 L - an amulet of guardian spirit (around neck)
 S - an uncursed amulet of rage
 U - the ring "Taxeigyf" (left hand) {rF+ rN+ MR+ AC+3 Int-2}
   (You found it on level 8 of the Dungeon)

   [ring of protection]

   It affects your AC (+3).
   It affects your intelligence (-2).
   It protects you from fire.
   It protects you from negative energy.
   It affects your resistance to hostile enchantments.
Wands
 p - a wand of random effects (56)
 O - a wand of flame (57)
 P - a wand of polymorph (19)
Scrolls
 e - 7 scrolls of remove curse
 k - 2 scrolls of enchant weapon
 m - a scroll of fear {unknown}
 q - a scroll of fog
 B - 2 scrolls of enchant armour {unknown}
 C - a scroll of amnesia {unknown}
 D - 2 scrolls of acquirement {unknown}
 E - a scroll of magic mapping
 I - a scroll of random uselessness {unknown}
 Q - a scroll of immolation {unknown}
 W - a scroll of summoning {unknown}
 Y - a scroll of identify
Potions
 f - a potion of resistance
 i - a potion of brilliance
 l - 3 potions of curing
 n - a potion of agility
 r - a potion of mutation
 s - 4 potions of flight
 u - a potion of haste {unknown}
 x - 2 potions of might
 z - 3 potions of degeneration {unknown}
 F - 2 potions of ambrosia {unknown}
 K - a potion of cancellation {unknown}
 R - a potion of magic {unknown}
Books
 a - a book of Conjurations

   Spells                             Type                      Level
   a - Magic Dart                     Conjuration                  1
   b - Searing Ray                    Conjuration                  2
   c - Dazzling Spray                 Conjuration/Hexes            3
   d - Fulminant Prism                Conjuration/Hexes            4
   e - Force Lance                    Conjuration/Translocation    4
   f - Iskenderun's Mystic Blast      Conjuration                  4
Comestibles
 b - 16 rations
 V - a chunk of flesh


   Skills:
 - Level 4.0 Fighting
 - Level 4.0 Dodging
 - Level 4.1 Stealth
 + Level 8.4 Spellcasting
 + Level 11.6 Conjurations


You had 12 spell levels left.
You knew the following spells:

 Your Spells              Type           Power        Failure   Level  Hunger
a - Magic Dart            Conj           ####         1%          1    None
b - Searing Ray           Conj           #####.       1%          2    None
c - Iskenderun's Mystic   Conj           #####...     1%          4    ###....
d - Fulminant Prism       Conj/Hex       ####......   9%          4    ###....
e - Throw Frost           Conj/Ice       ####..       1%          2    None


Dungeon Overview and Level Annotations

Branches:
Dungeon (9/15)             Temple (1/1) D:5
   Lair: D:8-11         Orc: D:9-12

Altars:
Ashenzari
Cheibriados
Dithmenos
Elyvilon
Fedhas
Gozag
Hepliaklqana
Nemelex Xobeh
Okawaru
Ru
Sif Muna
Trog
Vehumet
Wu Jian
Xom
Yredelemnul
Zin
The Shining One

Shops:
D:6 =


Innate Abilities, Weirdness & Mutations

You can breathe blasts of fire.
Your fiery red scales are hard. (AC +7)
You cannot fit into any form of body armour.
Your flesh is heat resistant. (rF+)
You are cold-blooded and may be slowed by cold attacks.
Your tail ends in a poisonous barb.
You passively map a small area around you.
You expend magic power (3 MP) to strengthen your wands.


Message History

The sun demon hits you.
You are engulfed in flames.
You resist. The sun demon hits you.
You are engulfed in flames.
You resist.
A sixfirhy comes into view.
The sixfirhy closely misses you. The sixfirhy completely misses you.
The sixfirhy hits you but does no damage.
The sun demon completely misses you.
As you read the scroll of teleportation, it crumbles to dust.
You feel strangely unstable.
You feel the power of the Abyss delaying your translocation!
The sixfirhy closely misses you. The sixfirhy barely misses you.
The sun demon closely misses you. The sun demon closely misses you.
The sixfirhy hits you!
* * * LOW HITPOINT WARNING * * *
The sixfirhy shocks you!
* * * LOW HITPOINT WARNING * * *
The sixfirhy hits you!
* * * LOW HITPOINT WARNING * * *
The sixfirhy shocks you!
You die...

#.. . .. .. .
....#... ... #. .
#....#. ## .# ..
.#....#' .##.# ...
.##.... .#. .#......
.#...##.. ... . .
#....#. ....# .#..
#...#.###..##.. #
####@##...#.#..## #..
###.#3#...#...## #.#
# #..#.3.#...##
..#...
#......#.####.###.#.#
#.....#.##...## #. .
. #.#.#........#.#ยง
. # # ###..###.#.#..
.#.#. . #....
#....#...... # #...#
#.##...... ##


You could see a sun demon and a sixfirhy.

Vanquished Creatures
  A two-headed ogre (D:8)
  The ghost of ThereIsNoGod the Digger, a novice OpEE of Makhleb (D:5)
  A cyclops (D:8)
  A hippogriff (D:8)
  Sigmund (D:3)
  A hungry ghost (D:9)
  Menkaure (D:7)
  A water moccasin (D:5)
  Duvessa (D:6)
  An orc warrior (D:7)
  A black bear (D:8)
  An ice beast (D:8)
  3 sky beasts
  3 phantoms
  2 ogres
  2 centaurs
  6 big kobolds
  3 bullfrogs
  Dowan (D:6)
  3 scorpions
  4 wights (D:8)
  2 crimson imps
  2 centaur zombies
  A jelly (D:5)
  2 quasits
  3 orc priests
  3 orc wizards
  5 hounds
  4 bullfrog skeletons
  A centaur skeleton (D:3)
  Natasha (thrice) (D:3)
  An iguana (D:8)
  Ijyb (D:4)
  2 worker ants (D:5)
  A killer bee zombie (D:6)
  A worker ant zombie (D:8)
  A howler monkey zombie (D:5)
  A gnoll (D:1)
  2 river rats (Sewer)
  18 adders
  4 shadow imps
  6 oozes
  4 worms
  2 dart slugs
  8 leopard geckos
  15 orcs
  7 giant cockroaches
  13 goblins
  11 hobgoblins
  16 jackals
  17 kobolds
  5 quokkas
  2 ball pythons
  11 bats
  9 frilled lizards
  A giant cockroach zombie (D:5)
  10 rats
234 creatures vanquished.

Notes
Turn   | Place    | Note
-------+----------+-------------------------------------------
     0 | D:1      | tilp the Draconian Conjurer began the quest for the Orb.
     0 | D:1      | Reached XP level 1. HP: 14/14 MP: 3/3
   241 | D:1      | Reached XP level 2. HP: 20/20 MP: 0/5
   771 | D:1      | Reached skill level 5 in Conjurations
   795 | D:1      | Reached XP level 3. HP: 26/26 MP: 4/6
   799 | D:1      | Learned a level 2 spell: Searing Ray
  1855 | D:2      | Reached XP level 4. HP: 33/33 MP: 4/7
  2780 | D:3      | Noticed Sigmund
  2785 | D:3      | Gained mutation: You passively map a small area around you. [potion of mutation]
  2785 | D:3      | Gained mutation: You expend magic power (3 MP) to strengthen your wands. [potion of mutation]
  2785 | D:3      | Gained mutation: Your tail ends in a poisonous barb. [potion of mutation]
  2807 | D:3      | Killed Sigmund
  2807 | D:3      | Reached skill level 7 in Conjurations
  2807 | D:3      | Reached XP level 5. HP: 23/38 MP: 1/8
  2923 | D:3      | Found a glowing drain.
  2927 | Sewer    | Entered a sewer
  2959 | Sewer    | Reached skill level 1 in Fighting
  2959 | Sewer    | Reached XP level 6. HP: 46/47 MP: 0/9
  3953 | Sewer    | Your scales start taking on a fiery red colour.
  3953 | Sewer    | Reached XP level 7. HP: 57/57 MP: 7/10
  3953 | Sewer    | Gained mutation: Your flesh is heat resistant. (rF+) [Red Draconian growth]
  4292 | D:3      | Noticed Natasha
  4300 | D:3      | Killed Natasha
  4541 | D:3      | Noticed Natasha
  4541 | D:3      | Killed Natasha
  4706 | D:3      | Noticed Natasha
  4710 | D:3      | Killed Natasha
  4812 | D:4      | Found a white marble altar of Elyvilon.
  5038 | D:4      | You fall through a shaft!
  5038 | D:5      | Entered Level 5 of the Dungeon
  5443 | D:5      | Reached XP level 8. HP: 66/66 MP: 6/13
  5492 | D:5      | Found a shadowy altar of Dithmenos.
  5492 | D:5      | Found an iron altar of Okawaru.
  5608 | D:5      | Found a staircase to the Ecumenical Temple.
  5616 | Temple   | Entered the Ecumenical Temple
  5813 | Temple   | Became a worshipper of Vehumet
  6239 | D:4      | Noticed Ijyb
  6241 | D:4      | Killed Ijyb
  6751 | D:4      | Found a sparkling altar of Nemelex Xobeh.
  6921 | D:5      | Reached skill level 5 in Spellcasting
  7284 | D:5      | Noticed ThereIsNoGod's ghost (novice OpEE)
  7469 | D:5      | Learned a level 4 spell: Iskenderun's Mystic Blast
  7634 | D:5      | Found an iron altar of Okawaru.
  7818 | D:5      | Reached * piety under Vehumet
  7818 | D:5      | Offered knowledge of Flame Tongue by Vehumet.
  7861 | D:5      | Reached skill level 8 in Conjurations
  7973 | D:5      | Killed ThereIsNoGod's ghost
  7973 | D:5      | Reached skill level 9 in Conjurations
  7973 | D:5      | Reached XP level 9. HP: 48/71 MP: 5/18
  8563 | D:6      | Noticed Duvessa
  8563 | D:6      | Noticed Dowan
  8582 | D:6      | Killed Duvessa
  8583 | D:6      | Killed Dowan
  8928 | D:6      | Found an opulent altar of Gozag.
  9516 | D:6      | Found Teel's Jewellery Shoppe.
  9852 | D:7      | Reached skill level 10 in Conjurations
 10151 | D:7      | Noticed Menkaure
 10154 | D:7      | Killed Menkaure
 10274 | D:7      | Found a shattered altar of Ashenzari.
 10497 | D:7      | Offered knowledge of Sting by Vehumet.
 10498 | D:7      | Reached ** piety under Vehumet
 10810 | D:8      | Noticed a cyclops
 11208 | D:8      | Killed a cyclops
 11377 | D:8      | Reached XP level 10. HP: 78/78 MP: 13/20
 11463 | D:8      | Noticed a two-headed ogre
 11477 | D:8      | Killed a two-headed ogre
 11477 | D:8      | Reached skill level 11 in Conjurations
 11770 | D:8      | Found a blossoming altar of Fedhas.
 11968 | D:8      | Learned a level 4 spell: Fulminant Prism
 12331 | D:8      | Offered knowledge of Throw Frost by Vehumet.
 12339 | D:8      | Got a crude lead ring
 12343 | D:8      | Learned a level 2 spell: Throw Frost
 12470 | D:8      | Found an opulent altar of Gozag.
 12905 | D:9      | Got a jewelled hand axe
 12926 | D:9      | Identified the +2 hand axe of the Vestibule of Hell {distort, MR++ SInv Stlth+} (You found it on level 9 of the Dungeon)
 12927 | D:9      | Cast into level 2 of the Abyss (a distortion unwield)
 12946 | Abyss:2  | Identified the ring "Taxeigyf" {rF+ rN+ MR+ AC+3 Int-2} (You found it on level 8 of the Dungeon)
 12976 | Abyss:2  | Noticed a sun demon
 12977 | Abyss:2  | Noticed a balrug
 12978 | Abyss:2  | Noticed a sun demon
 12982 | Abyss:2  | Noticed a large abomination
 13000 | Abyss:2  | Noticed a sixfirhy
 13005 | Abyss:2  | Slain by a sixfirhy

Skill      XL: |  1  2  3  4  5  6  7  8  9 10 |
---------------+-------------------------------+-----
Conjurations   | 5 7 9 10 11 | 11.6
Fighting       | 1 3 4 |  4.0
Dodging        | 2 3 4 |  4.0
Stealth        | 3 4 |  4.1
Spellcasting   | 3 6 7 8 |  8.4

Action                   |  1- 3 |  4- 6 |  7- 9 | 10-12 || total
-------------------------+-------+-------+-------+-------++-------
Melee: Dagger            |    23 |    56 |   110 |       ||   189
       Tailslap          |     1 |     6 |    14 |     1 ||    22
       Short sword       |       |       |    89 |    18 ||   107
Throw: Tomahawk          |       |       |     2 |       ||     2
 Cast: Magic Dart        |    60 |    54 |   122 |    17 ||   253
       Searing Ray       |     3 |    15 |    70 |    26 ||   114
 Abil: Breathe Fire      |       |       |    17 |     1 ||    18
  Use: Scroll            |       |     3 |     9 |     2 ||    14
       Potion            |       |     3 |     1 |       ||     4
 Stab: Sleeping          |       |       |     1 |     1 ||     2
  Eat: Chunk             |     4 |     5 |    18 |     4 ||    31
       Ration            |       |     1 |     3 |     1 ||     5
Armor: Skin              |     4 |    22 |   108 |    19 ||   153
Dodge: Dodged            |    21 |    44 |   194 |    30 ||   289
